 Dungeon Crawl Stone Soup version 0.21-a0-228-g14ccbf3 (webtiles) character file.

289 Gorglomux the Magician (level 6, 0/47 HPs)
             Began as a Gnoll Transmuter on Aug 31, 2017.
             Was a Follower of Uskayaw.
             Slain by a hound (4 damage)
             ... on level 4 of the Dungeon.
             The game lasted 00:05:00 (3951 turns).

Gorglomux the Magician (Gnoll Transmuter)           Turns: 3951, Time: 00:05:01

Health: 0/47       AC:  2    Str:  7    XL:     6   Next: 31%
Magic:  21/23      EV: 19    Int:  7    God:    Uskayaw [*.....]
Gold:   223        SH:  0    Dex:  7    Spells: 10/16 levels left

rFire    . . .     SeeInvis .     - Unarmed
rCold    . . .     Gourm    .   (shield currently unavailable)
rNeg     . . .     Faith    .   (armour currently unavailable)
rPois    x         Spirit   .   (helmet currently unavailable)
rElec    .         Reflect  .   (cloak currently unavailable)
rCorr    .         Harm     .   (gloves currently unavailable)
MR       .....                  (boots currently unavailable)
Stlth    +.........             (no amulet)
HPRegen  0.15/turn              e - ring of magical power
MPRegen  0.18/turn              (no ring)

@: spider-form (expiring)
A: unchanging attributes, strong nose
a: End Transformation, Stomp, Renounce Religion


You were on level 4 of the Dungeon.
You worshipped Uskayaw.
Uskayaw was noncommittal.
You were hungry.
You were a venomous arachnid creature.
You visited 1 branch of the dungeon, and saw 4 of its levels.

You collected 223 gold pieces.

Inventory:

Missiles
 a - 50 arrows
Armour
 b - a +0 robe (melded)
 g - a +1 pair of boots (melded)
Jewellery
 e - a ring of magical power (left front leg)
Scrolls
 n - a scroll of enchant armour
 p - 3 scrolls of remove curse
 s - a scroll of amnesia {unknown}
 t - 2 scrolls of fear {unknown}
 w - a scroll of identify {unknown}
 M - a scroll of magic mapping
Potions
 i - a potion of ambrosia
 Q - 2 potions of curing
Books
 c - a book of Changes

   Spells                             Type                      Level
   a - Beastly Appendage              Transmutation                1
   b - Sticks to Snakes               Transmutation                2
   c - Spider Form                    Transmutation/Poison         3
   d - Ice Form                       Ice/Transmutation            4
   e - Blade Hands                    Transmutation                5
Comestibles
 d - 2 bread rations
 u - 2 fruits
 v - a royal jelly
 x - 3 chunks of flesh


   Skills:
 + Level 3.1 Fighting
 - Level 2.6 Dodging
 - Level 4.0 Unarmed Combat
 - Level 5.8 Spellcasting
 - Level 5.6 Transmutations
 - Level 2.0 Poison Magic


You had 10 spell levels left.
You knew the following spells:

 Your Spells              Type           Power        Failure   Level  Hunger
a - Beastly Appendage     Tmut           #.....       10%         1    #......
b - Sticks to Snakes      Tmut           #.......     12%         2    ##.....
c - Spider Form           Tmut/Pois      #.........   34%         3    ###....


Dungeon Overview and Level Annotations

Branches:
Dungeon (4/15)
 Temple: D:4-7

Altars:
Fedhas
Hepliaklqana
Ru
Sif Muna
Uskayaw

Annotations:
D:3 exclusion: door
D:4 Menkaure


Innate Abilities, Weirdness & Mutations

Your physical attributes are unchanging.
((You have very sharp teeth.))
Your uncanny sense of smell can sniff out nearby items.


Message History

The hound misses you!
You maul the hound!
The hound is lightly wounded!
The hound completely misses you! The hound misses you!
You closely miss the hound!
The hound is lightly wounded!
The hound bites you! * * * butt't die
* * * You maul the hound!
The hound is moderately wounded!
The hound barely butts you!
You maul the hound but do no damage!
The hound is poisoned!
The hound is moderately wounded!
Your transformation is almost over!
The hound completely misses you! The hound bites you! * * * don't butt
* * * You barely butts the hound!
The hound is moderately wounded!
The hound bites you! rip

***,** **,,,,,** *,*
**,,,** *,* **+**
***,** *,* *,,,∆* *,*
*,#,,* #####**,**
*,#.,* #...,,,..#####**
*,#..###.###.........,,
*,#...shZ...#.......,,*
*,##.###g##........,*,*
*,*#,###h.####...#*,,,,
*,**,#...M...#...#***,*
*,,,,#..P.P..#...####.*
*****####'###.........,
*,..+∆##.#.....,*
*.g.#*##?#**###**
#...+,#..#


You could see a hound, a gnoll and a leopard gecko skeleton.

Vanquished Creatures
  An ogre (D:3)
  An orc priest (D:3)
  Jessica (D:3)
  3 gnolls (D:3)
  3 adders
  An ooze (D:3)
  8 dart slugs
  3 leopard geckos
  7 orcs
  2 ball pythons (D:1)
  7 bats
  6 giant cockroaches
  3 goblins (D:1)
  6 hobgoblins
  2 jackals (D:2)
  8 kobolds
  A quokka (D:3)
  2 frilled lizards
  7 rats
72 creatures vanquished.

Vanquished Creatures (collateral kills)
  A gnoll (D:2)
  A worm (D:2)
2 creatures vanquished.

Grand Total: 74 creatures vanquished

Notes
Turn   | Place    | Note
-------+----------+-------------------------------------------
     0 | D:1      | Gorglomux the Gnoll Transmuter began the quest for the Orb.
     0 | D:1      | Reached XP level 1. HP: 15/15 MP: 4/4
   138 | D:1      | Reached skill level 3 in Transmutations
   186 | D:1      | Reached XP level 2. HP: 10/21 MP: 6/6
   681 | D:1      | Reached XP level 3. HP: 25/26 MP: 8/8
   704 | D:1      | Learned a level 2 spell: Sticks to Snakes
   708 | D:1      | Learned a level 3 spell: Spider Form
  1125 | D:1      | Reached skill level 1 in Poison Magic
  1682 | D:2      | Found a blossoming altar of Fedhas.
  1718 | D:2      | Reached XP level 4. HP: 32/32 MP: 10/10
  1729 | D:2      | Found a hazy altar of Hepliaklqana.
  1812 | D:2      | Found a hide-covered altar of Uskayaw.
  1844 | D:2      | Became a worshipper of Uskayaw the Reveler
  1926 | D:2      | Found a sacrificial altar of Ru.
  1938 | D:2      | Found a faded altar of an unknown god.
  2007 | D:3      | Reached * piety under Uskayaw
  2050 | D:3      | Reached ** piety under Uskayaw
  2197 | D:3      | Noticed Jessica
  2208 | D:3      | Killed Jessica
  2302 | D:3      | Reached XP level 5. HP: 17/37 MP: 12/12
  2900 | D:3      | Noticed an ogre
  2921 | D:3      | Killed an ogre
  3136 | D:3      | Reached XP level 6. HP: 35/44 MP: 14/14
  3290 | D:3      | Found a deep blue altar of Sif Muna.
  3453 | D:3      | Reached skill level 3 in Fighting
  3914 | D:4      | Noticed Menkaure
  3951 | D:4      | Slain by a hound

Vault maps used:
D:1:      kennysheep_arrival_seaside, minmay_distorted
D:2:      marbit_many_paths, nicolae_overflow_hidden_temple,
          eat_drink_and_be_merry_uskayaw, lemuel_doored_altar,
          chequers_ecumenical_altar_island
D:3:      led_sif_book, uniq_jessica
D:4:      first_bread, cheibrodos_gnoll_hut, uniq_menkaure

Skill      XL: |  1  2  3  4  5  6 |
---------------+-------------------+-----
Transmutations | 3 4 5 |  5.6
Spellcasting   | 4 5 |  5.8
Poison Magic   | 2 |  2.0
Fighting       | 3 |  3.1
Dodging        | |  2.6
Unarmed Combat | |  4.0

Action                   |  1- 3 |  4- 6 || total
-------------------------+-------+-------++-------
Melee: Unarmed           |   146 |   127 ||   273
       Headbutt          |     7 |       ||     7
       Bite              |    11 |       ||    11
       Punch             |     1 |       ||     1
 Cast: Beastly Appendage |    12 |       ||    12
       Spider Form       |     3 |    29 ||    32
       Sticks to Snakes  |       |     5 ||     5
Invok: Stomp             |       |     1 ||     1
  Use: Potion            |       |     5 ||     5
       Scroll            |       |     3 ||     3
  Eat: Chunk             |     3 |    12 ||    15
Armor: Robe              |    33 |     6 ||    39
       Skin              |       |     4 ||     4
Dodge: Dodged            |    99 |   144 ||   243

Table legend:
 A = Spawn XP
 B = Non-spawn XP
 C = Spawn XP percentage of total XP
 D = Spawn monster count
 E = Non-spawn monster count
 F = Spawn count percentage of total count
 G = Total turns spent on level
                    A         B        C        D         E        F      G
               +---------+---------+-------+---------+---------+-------+---------
         Total |      18 |     396 |   4.3 |      11 |      63 |  14.9 |  3951
               +---------+---------+-------+---------+---------+-------+---------
           D:1 |       8 |      52 |  13.3 |       4 |      22 |  15.4 |  1581
           D:2 |       7 |      60 |  10.4 |       5 |      17 |  22.7 |  1312
           D:3 |       1 |     281 |   0.4 |       1 |      23 |   4.2 |   862
           D:4 |       2 |       3 |  40.0 |       1 |       1 |  50.0 |   196
               +---------+---------+-------+---------+---------+-------+---------
